 Dungeon Crawl Stone Soup version 0.30-a0-939-gc8157cb160 (webtiles) character file.

Game seed: 14954415486001844737

106171 Bnni the Peltast (level 16, -5/110 (118) HPs)
             Began as a Formicid Earth Elementalist on Mar 25, 2023.
             Was a High Priest of Cheibriados.
             Shot with an arrow by a naga sharpshooter (17 damage)
             ... on level 4 of the Snake Pit on Mar 26, 2023.
             The game lasted 01:09:27 (28103 turns).

Bnni the Peltast (Formicid Earth Elementalist)     Turns: 28103, Time: 01:09:28

HP:   -5/110 (118)  AC: 27    Str: 26    XL:     16   Next: 98%
MP:   3/24          EV: 13    Int: 34    God:    Cheibriados [*****.]
Gold: 1873          SH: 30    Dex: 26    Spells: 13/23 levels left

rFire   + + .      SeeInvis +    o - +9 lance "Wyrmbane" {slay drac, rPois rF+ rC+ AC+3}
rCold   + + +      Faith    .    w - +2 tower shield
rNeg    . . .      Spirit   .    h - +0 plate armour {Will+}
rPois   +          Reflect  +    (helmet unavailable)
rElec   +          Rampage  .    X - +0 cloak
rCorr   +                        e - +1 pair of gloves {Stlth+}
Will    ++...                    G - +3 pair of mountain boots {steadfast, rC+} Stlth
                                 y - amulet of reflection
HPRegen 0.38/turn                u - +4 ring of slaying
MPRegen 0.19/turn                W - +5 ring of evasion

@: mighty, resistant, very slightly contaminated, drained, invisible, very slow
A: permanent stasis, dig shafts and tunnels, antennae 3, four strong arms, frail
1, no potion heal 1
a: Dig, Shaft Self, Renounce Religion, Bend Time, Temporal Distortion, Slouch,
Step From Time


You were on level 4 of the Snake Pit.
You worshipped Cheibriados.
Cheibriados was extremely pleased with you.
You visited 5 branches of the dungeon, and saw 25 of its levels.
You also visited: Gauntlet.

You collected 3481 gold pieces.
You spent 1608 gold pieces at shops.

Inventory:

Hand Weapons
 o - the +9 lance "Wyrmbane" (weapon) {slay drac, rPois rF+ rC+ AC+3}
   (You took it off Maggie on level 7 of the Dungeon)

   AC:        It affects your AC (+3).
   rF:        It protects you from fire.
   rC:        It protects you from cold.
   rPois:     It protects you from poison.
 B - the +12 glaive of Prune {freeze, Prune}
   (You found it on level 6 of the Dungeon)

   Prune:     It halves damage taken while paralysed, petrified or unconscious.
Missiles
 g - 3 boomerangs of dispersal
 H - 5 curare-tipped darts
Armour
 e - a +1 pair of gloves of stealth (worn)
 h - a +0 plate armour of willpower (worn)
 w - a +2 tower shield (worn)
 G - the +3 pair of mountain boots (worn) {steadfast, rC+}
   (You acquired it on level 4 of the Lair of Beasts)

   Steadfast: It prevents involuntary movement, except for blinking,
   teleportation, or banishment.
   rC:        It protects you from cold.
 X - a +0 cloak (worn)
Jewellery
 f - a ring of ice
 u - a +4 ring of slaying (left hand)
 y - an amulet of reflection (around neck)
 I - the amulet of Xom's Passing Interest {Spirit Str+3}
   (You found it on level 3 of the Snake Pit)

   [amulet of guardian spirit]

   It causes incoming damage to be divided between your reserves of health and
   magic.
   Str:       It affects your strength (+3).
 M - a ring of positive energy
 Q - a ring of resist corrosion
 U - a ring of positive energy
 W - a +5 ring of evasion (right hand)
Wands
 v - a wand of polymorph (7)
 F - a wand of paralysis (23)
 O - a wand of digging (8)
 P - a wand of mindburst (12)
 S - a wand of flame (13)
 T - a wand of iceblast (12)
Scrolls
 a - 5 scrolls of enchant weapon
 c - 2 scrolls of fog
 j - 3 scrolls of enchant armour
 l - 2 scrolls of immolation
 s - 3 scrolls of amnesia
 x - 3 scrolls of identify
 z - 3 scrolls of vulnerability
 A - 6 scrolls of fear
 C - 6 scrolls of poison
 D - a scroll of torment
 J - a scroll of silence
Potions
 b - 3 potions of magic
 d - 4 potions of mutation
 i - 2 potions of flight
 k - 4 potions of might
 n - a potion of cancellation
 p - a potion of curing
 q - 5 potions of brilliance
 r - 9 potions of attraction
 t - 4 potions of lignification
 E - 4 potions of resistance
 K - 3 potions of invisibility
Miscellaneous
 L - a condenser vane
 N - a lightning rod (4/4)


   Skills:
 + Level 13.7 Fighting
 - Level 12.0 Polearms
 + Level 13.0 Armour
 - Level 1.7 Dodging
 - Level 2.4 Stealth
 * Level 17.5 Shields
 - Level 4.0 Spellcasting
 + Level 1.4 Conjurations
 - Level 3.0 Transmutations
 - Level 14.0 Earth Magic
 + Level 11.4 Invocations


You had 13 spell levels left.
You knew the following spells:

 Your Spells              Type           Power      Damage    Failure   Level
a - Sandblast             Erth           100%       2d20      1%          1
b - Passwall              Tmut/Erth      49%        N/A       3%          2
c - Stone Arrow           Conj/Erth      100%       3d13      11%         3
d - Petrify               Tmut/Erth      59%        N/A       26%         4

Your spell library contained the following spells:

 Spells                   Type           Power      Damage    Failure   Level
 Apportation              Tloc           12%        N/A       63%         1
 Freeze                   Ice            24%        1d4       63%         1
 Necrotise                Necr           24%        1d5       63%         1
 Summon Small Mammal      Summ           24%        N/A       63%         1
 Lesser Beckoning         Tloc           12%        N/A       77%         2
 Hailstorm                Conj/Ice       11%        3d5       88%         3
 Call Canine Familiar     Summ           6%         N/A       94%         3
 Frozen Ramparts          Ice            12%        1d2       94%         3
 Gell's Gravitas          Tloc           6%         N/A       94%         3
 Inner Flame              Hex/Fire       6%         N/A       94%         3
 Portal Projectile        Hex/Tloc       12%        N/A       94%         3
 Summon Guardian Golem    Hex/Summ       6%         N/A       94%         3
 Teleport Other           Tloc           6%         N/A       94%         3
 Tukima's Dance           Hex            6%         N/A       94%         3
 Flame Wave               Conj/Fire      11%        2d6       99%         4
 Ice Form                 Ice/Tmut       17%        N/A       99%         4
 Sticky Flame             Conj/Fire      11%        2d3       99%         4
 Blade Hands              Tmut           13%        N/A       100%        5
 Freezing Cloud           Conj/Ice/Air   5%         6-21      100%        5
 Simulacrum               Ice/Necr       3%         N/A       100%        6


Dungeon Overview and Level Annotations

Branches:
Dungeon (13/15)            Temple (1/1) D:7            Lair (5/5) D:9
 Shoals (0/4) Lair:2        Snake (3/4) Lair:3        Slime (0/5) Lair:5
    Orc (2/2) D:9             Elf (0/3) Orc:2       Gauntlet (visited)
 Vaults: D:13-14

Altars:
Ashenzari
Cheibriados
Dithmenos
Elyvilon
Fedhas
Gozag
Hepliaklqana
Kikubaaqudgha
Makhleb
Nemelex Xobeh
Okawaru
Qazlal
Ru
Sif Muna
Trog
Uskayaw
Vehumet
Wu Jian
Xom
Yredelemnul
Zin
The Shining One
Jiyva

Shops:
D:1 (   D:3 ?   D:5 (   D:7 *   D:8 (*?(   Orc:1 :   Orc:2 [!?[

Annotations:
Snake:3 Aizul
Snake:4 Vashnia


Innate Abilities, Weirdness & Mutations

You cannot be hasted, slowed, berserked, paralysed or teleported.
You can dig through walls and to a lower floor.
You have a pair of large antennae on your head. (SInv)
Your four strong arms can wield two-handed weapons with a shield.
You are frail. (-10% HP)
Potions are less effective at restoring your health.


Message History

The arrow hits the salamander!
Aiming: Sandblast (safe; 1% risk of failure)
Press: ? - help, Q - select action, (/) - cycle Shift-Dir - straight line, f/p - salamander mystic
Aim: a salamander mystic, wielding a +2 dagger of speed and wearing a +1 robe of willpower (almost dead, 91% to hit)
The blast of sand hits the salamander mystic.
The salamander mystic is almost dead.
The salamander shoots an arrow.
You reflect the arrow off an invisible shield around you!
The arrow hits the salamander!!
A naga mage comes into view. It is wielding a +0 flail.
The salamander shoots an arrow.
You reflect the arrow off an invisible shield around you!
The arrow hits the salamander.
Unknown command.
Aiming: Sandblast (safe; 1% risk of failure)
Press: ? - help, Q - select action, (/) - cycle Shift-Dir - straight line, f/p - salamander mystic
Aim: a salamander mystic, wielding a +2 dagger of speed and wearing a +1 robe of willpower (almost dead, 91% to hit)
The blast of sand hits the salamander mystic.
You kill the salamander mystic!
Cheibriados appreciates the change of pace.
The naga mage casts a spell.
The naga mage seems to speed up.
A nagaraja comes into view. It is wielding a +0 spear.
Okay, then.
Press: ? - help, v - describe, . - travel
Here: a salamander, wielding a +0 shortbow of flaming, wearing a +0 ring mail and carrying a wand of iceblast (2) (almost dead, fast)
The floor.
You fade into invisibility!
The salamander unwields a +0 shortbow of flaming.
It stops flaming.
You block the salamander's attack.
The naga sharpshooter mumbles some strange words.
The naga sharpshooter magically shoots an arrow.
The arrow hits you!
* * * LOW HITPOINT WARNING * * *
Your system partially rejects the healing.
You feel much better. You block the salamander's attack.
The naga mage spits poison at you.
The splash of poison hits you but does no damage.
You resist.
The naga sharpshooter shoots an arrow.
The arrow hits you!
You die...

#..{{ { { {
#...# #...# {
#..N# { {
#.N## { #...##
{ #..$.## {
#.....#### {
#....N@..#
##....)...#
#..........#
###...........
####......N..
######....
####


You could see a nagaraja, a naga sharpshooter, a salamander (fast, unable to see
you) and a naga mage (fast, catching breath).

Vanquished Creatures
  Gastronok (Lair:2)
  Agnes (Snake:2)
  The ghost of sevenfields the Thaumaturge, a journeyman DjFE of Makhleb (Snake:3)
  Azrael (D:12)
  A minotaur (Gauntlet)
  Fannar (D:10)
  3 hydras
  A salamander tyrant (Snake:3)
  4 two-headed ogres
  A boulder beetle (D:12)
  8 anacondas
  A merfolk avatar (Lair:5)
  2 naga warriors
  6 orc high priests
  6 naga sharpshooters
  6 shock serpents
  A skyshark (Lair:5)
  3 skeletal warriors (D:13)
  2 salamander mystics
  2 sea snakes (Lair:5)
  2 lindwurms
  4 naga ritualists (Snake:2)
  A harpy (Lair:5)
  Pikel (D:8)
  5 mana vipers
  8 orc knights
  12 salamanders
  3 orc sorcerers
  3 ugly things
  8 manticores
  A rust devil (D:13)
  A worldbinder (Gauntlet)
  A moth of wrath (Gauntlet)
  8 elephants
  5 naga magi (Snake:2)
  19 black mambas
  Joseph (D:7)
  Maurice (D:9)
  2 gargoyles
  2 torpor snails
  2 minotaur zombies (Gauntlet)
  5 orange demons (D:12)
  An unseen horror (D:11)
  10 cane toads
  Maggie (D:7)
  2 kobold demonologists (D:12)
  10 komodo dragons
  8 rime drakes
  5 trolls
  11 polar bears
  A hornet (D:7)
  10 blink frogs
  A snapping turtle (Lair:2)
  A wind drake (Lair:5)
  Sigmund (D:3)
  14 flying skulls (Gauntlet)
  3 wraiths
  9 wyverns
  31 yaks
  A vampire (D:9)
  3 fire elementals (D:12)
  14 basilisks
  2 vampire mosquitoes (D:12)
  3 steam dragons
  5 wargs
  2 acid dragons
  13 nagas
  11 water moccasins
  7 hell hounds
  A black bear (D:7)
  2 ice beasts (D:6)
  32 orc warriors
  A boggart (Gauntlet)
  13 wolves
  4 centaurs
  8 ogres
  5 phantoms
  4 kobold brigands
  10 bullfrogs
  2 gnoll sergeants
  10 scorpions
  7 wights (D:7)
  4 killer bees
  2 howler monkeys
  2 electric eels
  5 jellies
  6 hounds
  2 gnoll boudas
  28 orc priests
  2 sleepcaps
  Jessica (D:2)
  16 orc wizards
  5 iguanas
  Natasha (D:3)
  10 hell rats
  6 adders
  10 gnolls
  A shadow imp (D:7)
  4 white imps
  An ufetubus (D:6)
  2 worms
  7 dart slugs
  72 orcs
  3 ball pythons
  5 bats
  6 endoplasms
  3 giant cockroaches (D:1)
  5 goblins
  4 hobgoblins
  4 jackals (D:4)
  6 quokkas
  3 frilled lizards
  20 kobolds
672 creatures vanquished.

Vanquished Creatures (others)
  A naga warrior (Snake:3)
  A naga (Snake:2)
  A kobold brigand (D:7)
  18 fungi
  69 plants
  5 toadstools (D:2)
95 creatures vanquished.

Grand Total: 767 creatures vanquished

Notes
Turn   | Place    | Note
-------+----------+-------------------------------------------
     0 | D:1      | Bnni the Formicid Earth Elementalist began the quest for
                  | the Orb.
     0 | D:1      | Reached XP level 1. HP: 13/13 MP: 3/3
   118 | D:1      | Reached XP level 2. HP: 20/20 MP: 3/5
   565 | D:1      | Learned a level 2 spell: Passwall
   579 | D:1      | Found Ticam's Weapon Shop.
   617 | D:1      | Reached XP level 3. HP: 24/25 MP: 3/6
   622 | D:1      | Reached skill level 1 in Fighting
   943 | D:2      | Noticed Jessica
   947 | D:2      | Killed Jessica
   948 | D:2      | Reached XP level 4. HP: 32/32 MP: 4/8
  1111 | D:2      | Learned a level 4 spell: Petrify
  1724 | D:3      | Found a burning altar of Makhleb.
  1728 | D:3      | Noticed Natasha
  1731 | D:3      | Killed Natasha
  1732 | D:3      | Reached skill level 5 in Earth Magic
  1732 | D:3      | Reached XP level 5. HP: 32/38 MP: 6/9
  1935 | D:3      | Learned a level 3 spell: Stone Arrow
  1986 | D:3      | Noticed Sigmund
  1996 | D:3      | Killed Sigmund
  1997 | D:3      | Reached XP level 6. HP: 15/46 MP: 3/11
  2274 | D:3      | Found Keog's Magic Scroll Boutique.
  2554 | D:3      | Bought a scroll of identify for 22 gold pieces
  2831 | D:4      | Reached XP level 7. HP: 46/52 MP: 4/12
  2905 | D:4      | Noticed a water moccasin
  2911 | D:4      | Killed a water moccasin
  3390 | D:4      | Found a hazy altar of Hepliaklqana.
  3550 | D:4      | Reached XP level 8. HP: 60/60 MP: 10/14
  3818 | D:4      | Identified the +7 dagger of Kuosmoest {pain, Fragile rF+
                  | rC+++ Int-2}
  3984 | D:5      | Entered Level 5 of the Dungeon
  4025 | D:5      | Found a shimmering altar of Xom.
  4025 | D:5      | Found a white marble altar of Elyvilon.
  4038 | D:5      | Found a glowing silver altar of Zin.
  4040 | D:5      | Found a faded altar of an unknown god.
  4042 | D:5      | Found a faded altar of an unknown god.
  4083 | D:5      | Found Kues's Antique Weapon Shoppe.
  4274 | D:5      | Reached skill level 1 in Armour
  4287 | D:5      | Found an opulent altar of Gozag.
  4580 | D:5      | Reached skill level 5 in Fighting
  4832 | D:5      | Reached XP level 9. HP: 55/68 MP: 10/15
  5148 | D:6      | Noticed a two-headed ogre
  5153 | D:6      | Killed a two-headed ogre
  5154 | D:6      | Reached skill level 10 in Earth Magic
  5801 | D:6      | Found the +12 glaive of Prune {freeze, Prune}
  5819 | D:6      | Noticed a cyan ugly thing
  5841 | D:6      | Reached skill level 5 in Armour
  5963 | D:6      | Reached XP level 10. HP: 77/77 MP: 12/16
  6001 | D:6      | Killed a cyan ugly thing
  6245 | D:7      | Reached skill level 1 in Polearms
  6379 | D:7      | Noticed Joseph
  6389 | D:7      | Noticed Maggie
  6391 | D:7      | You fall into a shaft and drop 2 floors!
  6820 | D:8      | Noticed Pikel
  6830 | D:8      | HP: 2/80 [lemure[Pikel] (4)]
  6831 | D:8      | Killed Pikel
  7129 | D:8      | Identified the +1 robe of Makhleb's Pride {rElec SInv}
  7262 | D:8      | Found Serad's Assorted Antiques.
  7262 | D:8      | Found Ifoev's Weapon Boutique.
  7262 | D:8      | Found Getsun's Weapon Boutique.
  7297 | D:8      | Reached XP level 11. HP: 41/86 MP: 11/17
  7512 | D:8      | Found Garph's Magic Scroll Boutique.
  7514 | D:8      | Bought a scroll labelled YCZION TOTIMO for 36 gold pieces
  7514 | D:8      | Bought a scroll labelled TUFFIVVUIB for 36 gold pieces
  7526 | D:8      | Bought a scroll of identify for 24 gold pieces
  7526 | D:8      | Bought a scroll of identify for 24 gold pieces
  7526 | D:8      | Bought a scroll of identify for 24 gold pieces
  7526 | D:8      | Bought a scroll of identify for 24 gold pieces
  7526 | D:8      | Bought a scroll of identify for 24 gold pieces
  7526 | D:8      | Bought a scroll of identify for 24 gold pieces
  7926 | D:7      | Killed Maggie
  7979 | D:7      | Killed Joseph
  8187 | D:7      | Found a bloodstained altar of Trog.
  8266 | D:7      | Found Katigoosk's Mass Market.
  8299 | D:7      | Bought a +2 tower shield for 198 gold pieces
  8429 | D:7      | Found a staircase to the Ecumenical Temple.
  8438 | Temple   | Entered the Ecumenical Temple
  8804 | D:8      | Found a sacrificial altar of Ru.
  8974 | D:9      | Found a staircase to the Orcish Mines.
  9172 | D:9      | Reached skill level 1 in Shields
  9254 | D:9      | Noticed a two-headed ogre
  9258 | D:9      | Killed a two-headed ogre
  9259 | D:9      | Reached skill level 2 in Shields
  9281 | D:9      | Found a sparkling altar of Nemelex Xobeh.
  9281 | D:9      | Found a snail-covered altar of Cheibriados.
  9327 | D:9      | Became a worshipper of Cheibriados the Contemplative
  9388 | D:9      | Reached skill level 3 in Shields
  9621 | D:9      | Noticed Maurice
  9626 | D:9      | Killed Maurice
  9820 | D:9      | Reached skill level 1 in Invocations
 10021 | D:9      | Reached skill level 4 in Shields
 10039 | D:9      | Found a staircase to the Lair.
 10108 | D:10     | Entered Level 10 of the Dungeon
 10122 | D:10     | Reached skill level 5 in Polearms
 10230 | D:10     | Reached * piety under Cheibriados
 10247 | D:10     | Reached skill level 5 in Shields
 10254 | D:10     | Reached XP level 12. HP: 38/95 MP: 0/18
 10277 | D:10     | Noticed Fannar
 10320 | D:10     | Killed Fannar
 10831 | D:11     | Noticed a two-headed ogre
 10836 | D:11     | Killed a two-headed ogre
 10837 | D:11     | Reached skill level 6 in Shields
 11019 | D:11     | Identified a scroll of acquirement
 11575 | D:11     | Reached skill level 7 in Shields
 11761 | D:11     | Reached ** piety under Cheibriados
 11915 | D:12     | Noticed a soul eater
 12095 | D:12     | Noticed a boulder beetle
 12102 | D:12     | Killed a boulder beetle
 12201 | D:12     | Noticed a two-headed ogre
 12215 | D:12     | Killed a two-headed ogre
 12358 | D:12     | Reached skill level 10 in Fighting
 12358 | D:12     | Reached skill level 8 in Shields
 12388 | D:12     | Noticed Azrael
 12403 | D:12     | Killed Azrael
 12650 | D:12     | Reached *** piety under Cheibriados
 12718 | D:12     | Reached skill level 5 in Invocations
 12718 | D:12     | Reached XP level 13. HP: 88/103 MP: 19/19
 12753 | D:12     | Reached skill level 9 in Shields
 13899 | D:13     | Noticed a centaur warrior
 13912 | D:13     | Reached skill level 10 in Shields
 14256 | Lair:1   | Entered Level 1 of the Lair of Beasts
 14463 | Lair:1   | Reached **** piety under Cheibriados
 15278 | Lair:2   | Reached skill level 10 in Armour
 15305 | Lair:2   | Reached skill level 11 in Shields
 15382 | Lair:2   | Got the Almanac of Nival Translocation
 15499 | Lair:2   | Noticed Gastronok
 15506 | Lair:2   | Reached ***** piety under Cheibriados
 15518 | Lair:2   | Killed Gastronok
 15713 | Lair:2   | Found a staircase to the Shoals.
 15752 | Lair:2   | Reached XP level 14. HP: 113/113 MP: 18/20
 16875 | Lair:2   | Acquired 713 gold pieces
 16881 | Lair:3   | Reached skill level 10 in Polearms
 16938 | Lair:3   | Found a gate leading to a gauntlet.
 16948 | Gauntlet | Entered a Gauntlet
 16948 | Gauntlet | Found a transporter.
 16948 | Gauntlet | Found a transporter.
 16948 | Gauntlet | Found a runed translucent door.
 16991 | Gauntlet | Found a transporter.
 16995 | Gauntlet | Found a transporter.
 17004 | Gauntlet | Found a transporter.
 17007 | Gauntlet | Found a transporter.
 17015 | Gauntlet | Found a transporter.
 17031 | Gauntlet | Found a transporter.
 17048 | Gauntlet | Found a transporter.
 17049 | Gauntlet | Found a transporter.
 17057 | Gauntlet | Found a transporter.
 17061 | Gauntlet | Found a transporter.
 17065 | Gauntlet | Found a runed translucent door.
 17155 | Gauntlet | Reached skill level 12 in Shields
 17259 | Gauntlet | Noticed a minotaur
 17261 | Gauntlet | Killed a minotaur
 17394 | Lair:3   | Found a staircase to the Snake Pit.
 18881 | Lair:4   | Reached skill level 13 in Shields
 19034 | Lair:4   | Reached ****** piety under Cheibriados
 19340 | Lair:4   | Acquired the +3 pair of mountain boots {steadfast, rC+}
 19340 | Lair:4   | Found the +3 pair of mountain boots {steadfast, rC+}
 19360 | Lair:5   | Entered Level 5 of the Lair of Beasts
 19603 | Lair:5   | Reached XP level 15. HP: 120/120 MP: 17/21
 20141 | Lair:5   | Reached skill level 14 in Shields
 20390 | Lair:5   | Found a viscous altar of Jiyva.
 20391 | Lair:5   | Found a staircase to the Slime Pits.
 20469 | Lair:5   | Identified the +9 trident "Roida" {pain, Contam Dex+5}
 21041 | Orc:1    | Entered Level 1 of the Orcish Mines
 21284 | Orc:1    | Found Doss's Book Shoppe.
 21733 | Orc:2    | Entered Level 2 of the Orcish Mines
 21948 | Orc:2    | Found a staircase to the Elven Halls.
 22566 | Orc:2    | Gained mutation: Potions are less effective at restoring
                  | your health. [a neqoxec]
 22571 | Orc:2    | Gained mutation: You are frail. (-10% HP) [a neqoxec]
 22574 | Orc:2    | Reached skill level 15 in Shields
 22790 | Orc:2    | Found Yczyzoid's Distillery.
 22790 | Orc:2    | Found Arphiqug's Armour Shop.
 22791 | Orc:2    | Found Liffouz's Antique Armour Shop.
 22791 | Orc:2    | Found Temuris's Magic Scroll Boutique.
 22805 | Orc:2    | Bought a pair of embroidered gloves for 262 gold pieces
 22805 | Orc:2    | Bought a glowing plate armour for 910 gold pieces
 23101 | Snake:1  | Entered Level 1 of the Snake Pit
 23421 | Snake:1  | Reached skill level 10 in Invocations
 23526 | Snake:1  | Reached XP level 16. HP: 116/116 MP: 19/23
 24562 | Snake:2  | Reached skill level 16 in Shields
 25501 | Snake:2  | Noticed Agnes
 25509 | Snake:2  | Killed Agnes
 26016 | Snake:2  | Reached skill level 17 in Shields
 27326 | Snake:3  | Found a runed translucent door.
 27331 | Snake:3  | Noticed sevenfields's ghost (journeyman DjFE)
 27362 | Snake:3  | Killed sevenfields's ghost
 27369 | Snake:3  | Identified the amulet of Xom's Passing Interest {Spirit
                  | Str+3}
 27732 | Snake:3  | Reached skill level 1 in Conjurations
 28039 | Snake:3  | Noticed Aizul
 28065 | Snake:3  | You fall into a shaft and drop 1 floor!
 28065 | Snake:4  | Entered Level 4 of the Snake Pit
 28065 | Snake:4  | Noticed Vashnia
 28073 | Snake:4  | Noticed a nagaraja
 28075 | Snake:4  | Noticed a nagaraja
 28088 | Snake:4  | Noticed a nagaraja
 28101 | Snake:4  | Noticed a nagaraja
 28102 | Snake:4  | HP: 2/110 [naga sharpshooter/arrow (17)]
 28103 | Snake:4  | Shot with an arrow by a naga sharpshooter

Illustrated notes

Levels and vault maps discovered:
D:1:      lemuel_arrival_lava_pool, layout_loops_ring, serial_shops,
          nicolae_shop_trees
D:2:      layout_loops_ring, minmay_gold_behind_fungi, palyth_stone_intersect,
          nicolae_elevator_lobby_plus, uniq_jessica
D:3:      layout_basic, lemuel_doored_altar, serial_shops,
          nicolae_shop_advertising_works [nicolae_subvault_shop_adworks],
          uniq_sigmund, uniq_natasha
D:4:      minmay_general_purpose_star, layout_loops_corners,
          mainiacjoe_overflow_surrounded_room, hangedman_abyss_or_decor_stagger
D:5:      layout_rooms, nicolae_gozag_seed_capital,
          chequers_temple_overflow_minitemple, serial_shops,
          nicolae_inconvenience_store
D:6:      minmay_clustersquares, layout_basic, chequers_serial_rivers_micro_d,
          kennysheep_decorative_pillar, dk_noncrumbling_3,
          minmay_misc_feat_enclosed
D:7:      layout_basic, mainiacjoe_overflow_tiny_flanked,
          lemuel_temple_firewalk_b, minmay_shop_mass, minivault_24,
          mrwooster_statue_mirror, uniq_joseph, uniq_maggie
D:8:      layout_loops_ring, nicolae_ru_path_of_blood, minmay_shop_grid_forest,
          chequers_serial_rivers_micro_b, hangedman_decor_points, uniq_pikel
D:9:      layout_roguey, chequers_temple_overflow_statue_of_worship,
          david_lair_shrubbed, david_orc_1_choice, uniq_maurice
D:10:     layout_rooms, uniq_fannar
D:11:     layout_loops_ring, wad_floor_pattern_untrapped, lightli_orcish_oven
D:12:     layout_rooms, solitary_fountain, einodemon_barbed_minivault,
          uniq_azrael
D:13:     mludivico_vault, layout_loops_corners
Temple:   minmay_temple_bridge_abc
Lair:1:   layout_cave_pods, pdpol_lair_neglected_garden,
          nicolae_lair_grove_arrangements, dreamdust_mushroom_princess,
          serial_bayou_shore_b
Lair:2:   layout_gridlike, minmay_shoals_entry_hut, st_stairs_8,
          lemuel_fruit_tree, grunt_megastairs_3, infiniplex_staircase_pool_2,
          serial_bayou_shore_b, serial_bayou_shore_b, uniq_gastronok
Lair:3:   layout_gridlike, dummy_snake_entry, gauntlet_entry_generic,
          cheibrodos_lair_lostbears, serial_bayou_shore_a
Lair:4:   layout_concentric_octagons, chequers_serial_rivers_micro_e,
          grunt_megastairs_2
Lair:5:   gammafunk_lair_ancient_temple, layout_gridlike,
          minmay_slime_entry_oklob_enclosed, special_room
          [special_room_mythical_zoo], nicolae_lair_lindhole
Snake:1:  layout_chambers
Snake:2:  layout_layer_cave, uniq_agnes
Snake:3:  layout_layer_cave, serial_shops, nicolae_lakefront_shop,
          ebering_ghost_reflecting_pool, uniq_aizul
Snake:4:  snake_pit, layout_misc_corridors, basic_altar,
          hangedman_snake_pattern, uniq_vashnia
Orc:1:    layout_caves, serial_shops, nicolae_lakefront_shop,
          kennysheep_orc_chapel
Orc:2:    st_orc_pillars, layout_diamond_mine, nicolae_orc_stony_grotto

Skill      XL: |  1  2  3  4  5  6  7  8  9 10 11 12 13 14 15 16 |
---------------+-------------------------------------------------+-----
Earth Magic    | 4 5 6 7 9 11 13 14 | 14.0
Fighting       | 1 2 3 4 5 6 8 9 10 11 12 13 | 13.7
Transmutations | 2 3 |  3.0
Spellcasting   | 3 4 |  4.0
Armour         | 3 5 6 8 9 10 11 12 13 | 13.0
Polearms       | 3 5 7 9 11 12 | 12.0
Shields        | 5 8 11 13 15 17 | 17.5
Invocations    | 2 5 6 8 10 11 | 11.4
Conjurations   | 1 |  1.4
Dodging        | |  1.7
Stealth        | |  2.4

Action                     |  1- 3 |  4- 6 |  7- 9 | 10-12 | 13-15 | 16-18 || total
---------------------------+-------+-------+-------+-------+-------+-------++-------
  Melee: Dagger            |    14 |     3 |     6 |       |       |       ||    23
         Mace              |       |       |     8 |       |       |       ||     8
         Punch             |       |       |     1 |     1 |       |       ||     2
         Glaive            |       |       |       |    62 |     7 |       ||    69
         Lance             |       |       |       |   145 |   990 |   301 ||  1436
  Throw: Dart              |       |       |     1 |     2 |       |     2 ||     5
   Cast: Sandblast         |    34 |    61 |   135 |   232 |   210 |    97 ||   769
         Passwall          |       |       |       |       |     3 |     1 ||     4
         Petrify           |       |       |       |       |     1 |     2 ||     3
         Stone Arrow       |       |       |       |       |     6 |    29 ||    35
 Invoke: Bend Time         |       |       |       |       |     4 |       ||     4
         Slouch            |       |       |       |       |     8 |     1 ||     9
         Step From Time    |       |       |       |       |       |     4 ||     4
Ability: Dig               |       |       |     1 |     1 |     4 |     7 ||    13
         Shaft Self        |       |       |       |     1 |       |     1 ||     2
    Use: Scroll            |       |     4 |     3 |    14 |    11 |     3 ||    35
         Potion            |       |       |       |     1 |     1 |    18 ||    20
   Stab: Sleeping          |       |       |       |     1 |     1 |       ||     2
         Invisible         |       |       |       |     2 |       |       ||     2
         Distracted        |       |       |       |       |     1 |       ||     1
         Petrified         |       |       |       |       |       |     1 ||     1
 Armour: Robe              |     6 |     2 |       |       |       |       ||     8
         Leather armour    |       |       |    28 |     7 |       |       ||    35
         Scale mail        |       |       |       |   105 |   124 |       ||   229
         Plate armour      |       |       |       |       |   104 |    60 ||   164
  Dodge: Dodged            |    28 |    14 |    64 |    97 |   168 |    69 ||   440
  Block: Other             |       |       |    14 |    23 |       |       ||    37
         Tower shield      |       |       |       |   247 |  1136 |   484 ||  1867
         Reflection        |       |       |       |    26 |    38 |    91 ||   155

Table legend: (Time is in decaauts)
 A = Elapsed time spent in this place.
 B = Non-inter-level travel time spent in this place.
 C = Inter-level travel time spent in this place.
 D = Time resting spent in this place.
 E = Time spent auto-exploring this place.
 F = Levels seen in this place.
 G = Mean time per level.
                   A        B        C        D        E       F      G
               +--------+--------+--------+--------+--------+-----+--------+
         Total |  37086 |  35298 |   1788 |   4002 |  25641 |  26 | 1426.4 |
       Dungeon |  15846 |  14845 |   1001 |   2189 |  10319 |  13 | 1218.9 |
        Temple |    218 |    193 |     25 |      0 |    188 |   1 |  218.0 |
          Lair |   9800 |   9328 |    472 |    392 |   7678 |   5 | 1960.0 |
     Snake Pit |   7602 |   7399 |    203 |   1267 |   5023 |   4 | 1900.5 |
  Orcish Mines |   2992 |   2906 |     86 |    152 |   2218 |   2 | 1496.0 |
      Gauntlet |    626 |    626 |      0 |      0 |    214 |   1 |  626.0 |
               +--------+--------+--------+--------+--------+-----+--------+

Top non-repeatable levels by time:
 Snake:2: 3409 daAuts
 Snake:1: 2392 daAuts
  Lair:2: 2252 daAuts
  Lair:5: 2233 daAuts
  Lair:3: 2172 daAuts
     D:9: 1913 daAuts
   Orc:2: 1837 daAuts
 Snake:3: 1752 daAuts
    D:12: 1603 daAuts
  Lair:1: 1580 daAuts
  Lair:4: 1561 daAuts
    D:11: 1457 daAuts
     D:4: 1426 daAuts
     D:8: 1370 daAuts
    D:13: 1307 daAuts
